 Dungeon Crawl Stone Soup version 0.31-a0-1008-g5b978dac0e (webtiles) character file.

Game seed: 5768292146995218744

64 Jinxxian the Conjurer (level 3, 0/28 HPs)
             Began as a Draconian Conjurer on Nov 12, 2023.
             Slain by an orc wizard
             ... wielding a +0 dagger
              (4 damage)
             ... on level 3 of the Dungeon.
             The game lasted 00:22:02 (2918 turns).

Jinxxian the Conjurer (Draconian Conjurer)          Turns: 2918, Time: 00:22:04

Health: 0/28       AC:  5    Str:  9    XL:     3   Next: 91%
Magic:  0/6        EV: 12    Int: 20    God:
Gold:   73         SH:  0    Dex:  9    Spells: 3/6 levels left

rFire   . . .        i - staff of poison
rCold   . . .        (no shield)
rNeg    . . .        (body armour unavailable)
rPois   +            (helmet restricted)
rElec   .            (no cloak)
rCorr   .            (no gloves)
SInv    .            (no boots)
Will    .....        (no amulet)
Stlth   +            (no ring)
HPRegen 0.24/turn    (no ring)
MPRegen 0.10/turn

%: no passive effects
@: confused
A: AC +5, unfitting armour, cold-blooded
a: no special abilities


You were on level 3 of the Dungeon.
You visited 1 branch of the dungeon, and saw 3 of its levels.

You collected 73 gold pieces.

Inventory:

Hand Weapons
 p - a +0 sling
Missiles
 b - 8 stones
 s - 5 poisoned darts
Magical Staves
 i - a staff of poison (weapon)
Potions
 e - a potion of enlightenment {unknown}
 h - a potion of curing
 x - 3 potions of cancellation {unknown}


   Skills:
 + Level 1.1 Fighting
 - Level 0.2 Short Blades
 + Level 0.5 Staves
 * Level 2.6 Dodging
 + Level 1.9 Stealth
 * Level 2.4 Spellcasting
 * Level 4.3 Conjurations


You had 3 spell levels left.
You knew the following spells:

 Your Spells              Type           Power      Damage    Failure   Level
a - Magic Dart            Conj           76%        1d6       2%          1
b - Searing Ray           Conj           38%        2d5       3%          2

Your spell library contained the following spells:

 Spells                   Type           Power      Damage    Failure   Level
 Kiss of Death            Conj/Necr      44%        2d8       6%          1
 Dazzling Flash           Conj/Hex       22%        N/A       19%         3
 Confusing Touch          Hex            2%         N/A       41%         3
 Inner Flame              Hex/Fire       2%         N/A       41%         3
 Fulminant Prism          Conj/Hex       5%         3d7       52%         4
 Iskenderun's Mystic Bla  Conj/Tloc      11%        2d4       52%         4
 Dispel Undead            Necr           2%         3d7       83%         4
 Yara's Violent Unravell  Hex/Tmut       1%         3d3       99%         5
 Enfeeble                 Hex            1%         N/A       100%        7


Dungeon Overview and Level Annotations

Branches:
Dungeon (2/15)

Altars:
Dithmenos
Elyvilon

Shops:
D:3 =

Annotations:
D:3 3 runed translucent doors, pzskc383's ghost, amateur GrFi


Innate Abilities, Weirdness & Mutations

Your plain brown scales are hard. (AC +5)
You cannot fit into any form of body armour.
You are cold-blooded and may be slowed by cold attacks.


Message History

Unknown command.
Unknown command.
Unknown command.
You start resting.
You hear some strange, mumbled words.
You are confused.
Something hits you but does no damage.
You're too confused to cast spells.
You hear some strange, mumbled words.
You are more confused.
You're too confused to cast spells.
Unknown command.
Something hits you but does no damage.
You miss something.
You hear some strange, mumbled words.
A magic dart appears from out of thin air!
The magic dart hits you!
* * * LOW HITPOINT WARNING * * *
You're too confused to cast spells.
Unknown command.
You feel better.
You hear some strange, mumbled words.
A puff of flame appears from out of thin air!
The puff of flame misses you.
Aiming: Searing Ray (safe; 3% risk of failure)
Press: ? - help, Q - select action, (/) - cycle Shift-Dir - straight line (Press . to maintain the ray.)
You hear some strange, mumbled words.
You are confused.
You completely miss something.
Your tail-slap misses something.
Something hits you but does no damage.
Unknown command.
You bump into the rock wall.
Something hits you.
You closely miss something.
You hear some strange, mumbled words.
A puff of flame appears from out of thin air!
The puff of flame hits you!
* * * LOW HITPOINT WARNING * * *
Something hits you.
You die...

#......# #......#
#......# #......#
#......# #......#
.. #......# ####
... #......# ...#
#.# #.{@..># ##.#
#.#.## #.##.###
#.###.#..#
##.##..#
##..#<.##.#
#.)###...
.......##.# #.##
###. ........#.#
#.##### #
++###...#.###.##.'
.g.g#.....##..##.#
.W..#........###.#
♣ ♣


There were no monsters in sight!

Vanquished Creatures
  A dart slug (D:1)
  2 orcs (D:3)
  3 ball pythons
  6 endoplasms
  A giant cockroach (D:3)
  4 goblins
  4 hobgoblins
  6 jackals (D:2)
  2 quokkas
  7 bats
  2 frilled lizards
  7 kobolds
  7 rats
52 creatures vanquished.

Notes
Turn   | Place    | Note
-------+----------+-------------------------------------------
     0 | D:1      | Jinxxian the Draconian Conjurer began the quest for the
                  | Orb.
     0 | D:1      | Reached XP level 1. HP: 14/14 MP: 3/3
   165 | D:1      | Reached XP level 2. HP: 11/22 MP: 0/5
   700 | D:1      | Found a faded altar of an unknown god.
   851 | D:1      | Reached XP level 3. HP: 27/27 MP: 3/6
  1312 | D:2      | Reached skill level 1 in Fighting
  1434 | D:2      | Found a shadowy altar of Dithmenos.
  1891 | D:2      | You fall into a shaft and drop 1 floor!
  1947 | D:3      | Found a white marble altar of Elyvilon.
  2425 | D:3      | Noticed pzskc383's ghost (amateur GrFi)
  2741 | D:3      | Found Qadak's Jewellery Emporium.
  2796 | D:3      | Learned a level 2 spell: Searing Ray
  2810 | D:3      | Found a runed translucent gate.
  2811 | D:3      | Found a runed translucent gate.
  2815 | D:3      | Found a runed translucent gate.
  2918 | D:3      | Slain by an orc wizard

Illustrated notes

Levels and vault maps discovered:
D:1:      dpeg_arrival_boxorama, layout_basic, shapermc_ecumenical_altar_ellora
D:2:      layout_loops_corners, basic_altar, roderic_roman_lattice, uniq_sigmund
D:3:      layout_rooms, mainiacjoe_overflow_six_doors_small,
          nicolae_elyvilon_temple_path, serial_shops, shop,
          gammafunk_ghost_split, nicolae_elevator_lobby_asterisk

Skill      XL: |  1  2  3 |
---------------+----------+-----
Dodging        | 2 |  2.6
Fighting       | 1 |  1.1
Short Blades   | |  0.2
Staves         | |  0.5
Stealth        | |  1.9
Spellcasting   | |  2.4
Conjurations   | |  4.3

Action                     || total
---------------------------++-------
  Melee: Short sword       ||    22
         Tailslap          ||     6
         Staff             ||    41
   Cast: Magic Dart        ||   108
         Searing Ray       ||     7
    Use: Potion            ||     4
         Scroll            ||     1
 Armour: Skin              ||    63
  Dodge: Dodged            ||    49

Table legend: (Time is in decaauts)
 A = Elapsed time spent in this place.
 B = Non-inter-level travel time spent in this place.
 C = Inter-level travel time spent in this place.
 D = Time resting spent in this place.
 E = Time spent auto-exploring this place.
 F = Levels seen in this place.
 G = Mean time per level.
                   A        B        C        D        E       F      G
               +--------+--------+--------+--------+--------+-----+--------+
         Total |   2922 |   2922 |      0 |   1268 |    621 |   3 |  974.0 |
       Dungeon |   2922 |   2922 |      0 |   1268 |    621 |   3 |  974.0 |
               +--------+--------+--------+--------+--------+-----+--------+

Top non-repeatable levels by time:
     D:1: 1189 daAuts
     D:3: 1029 daAuts
     D:2: 703 daAuts
